[Event "Early-Titled-Tuesday-Blitz-October-10-2023"]
[Site "Chess.com"]
[Date "2023.10.10"]
[Round "3"]
[White "Artemiki"]
[Black "savitha1030"]
[Result "1-0"]
[WhiteElo "2288"]
[BlackElo "2464"]
[TimeControl "180+1"]
[EndTime "8:25:44 PDT"]
[Termination "Artemiki won by resignation"]

1. e4 e5 2. Nf3 d6 3. d4 exd4 4.
Nxd4 Nf6 5. Nc3 Be7 6. Bd3 O-O 7.
O-O Nc6 8. Nxc6 bxc6 9. h3 Bb7 10. f4 c5 11. e5 dxe5 12. fxe5 Qd4+ 13. Rf2 c4 14. Bxh7+ Nxh7 15. Qxd4 Rad8 16. Qxc4 Ng5 17. Bxg5 Bxg5 18. Kh1 Be3 19. Re2 Bg5 20. Rf1 Ba8 21.
Ref2 Kh7 22. Qg4 Bh6 23. e6 f6 1-0

[Event "Early-Titled-Tuesday-Blitz-October-10-2023"]
[Site "Chess.com"]
[Date "2023.10.10"]
[Round "3"]
[White "nitpicker"]
[Black "motivated_bishop"]
[Result "1/2-1/2"]
[WhiteElo "2259"]
[BlackElo "2473"]
[TimeControl "180+1"]
[EndTime "8:25:49 PDT"]
[Termination "Game drawn by repetition"]

1. d4 Nf6 2. c4 c5 3. d5 b5 4. cxb5 a6 5. e3 g6 6. Nc3 Bg7 7. Nf3 O-O 8. a4 Bb7 9. Ra3 e6 10. dxe6 fxe6 11. Qd6 Qc8 12. Be2 Ne8 13. Qg3 d5 14.
Qh3 d4 15. Bc4 Rf5 16. e4 Nd6 17. exf5 Nxc4 18. fxg6 hxg6 19. Ng5 Nxa3 20. Qh7+ Kf8 21. Qxg6 Kg8 22. Qf7+ Kh8 23. Qh5+ Kg8 24. Qf7+ Kh8 25. Qh5+ Kg8 26. Qf7+ 1/2-1/2

[Event "Early-Titled-Tuesday-Blitz-October-10-2023"]
[Site "Chess.com"]
[Date "2023.10.10"]
[Round "3"]
[White "MagnusCarlsen"]
[Black "Virgo15"]
[Result "1-0"]
[WhiteElo "3279"]
[BlackElo "2741"]
[TimeControl "180+1"]
[EndTime "8:25:50 PDT"]
[Termination "MagnusCarlsen won by resignation"]

1. e4 e6 2. d4 d5 3. e5 c5 4. c3 Nc6 5. Nf3 Bd7 6. Be2 f6 7. O-O fxe5 8. Nxe5 Nxe5 9. dxe5 Qc7 10.
Bf4 O-O-O 11. a4 Ne7 12. Na3 a6 13. b4 h6 14. b5 a5 15. b6 Qxb6 16. Rb1 Qc7 17.
Nb5 Bxb5 18. Rxb5 g5 19. Bg3 Nf5 20. Bg4 d4 21. Qf3 Qc6 22. Bxf5 exf5 23. Qxf5+ Kb8 24. e6+ Ka7 25. Rfb1 b6 26. Qf7+ Ka6 27. Rxb6+ Qxb6 28. Rxb6+ Kxb6 29. Qc7+ Ka6 30. Qxd8 1-0

[Event "Early-Titled-Tuesday-Blitz-October-10-2023"]
[Site "Chess.com"]
[Date "2023.10.10"]
[Round "3"]
[White "AlexandraSamaganova"]
[Black "Chessdreamer2020"]
[Result "0-1"]
[WhiteElo "2225"]
[BlackElo "2546"]
[TimeControl "180+1"]
[EndTime "8:25:50 PDT"]
[Termination "Chessdreamer2020 won by resignation"]

1. c4 e5 2. Nc3 Bb4 3. Qc2 Nf6 4. Nf3 Nc6 5. e3 O-O 6. Nd5 Bc5 7. a3 a5 8. Be2 d6 9. O-O Be6 10. Nxf6+ Qxf6 11. d3 Qg6 12. Kh1 f5 13. Rb1 f4 14.
Bd2 a4 15. b4 axb3 16. Rxb3 b6 17. Qb2 fxe3 18. fxe3 e4 19. Nd4 exd3 20. Bxd3 Qxd3 21. Re1 Rf1+ 0-1

[Event "Early-Titled-Tuesday-Blitz-October-10-2023"]
[Site "Chess.com"]
[Date "2023.10.10"]
[Round "3"]
[White "Shivananda1964"]
[Black "Dacean99"]
[Result "0-1"]
[WhiteElo "2417"]
[BlackElo "2596"]
[TimeControl "180+1"]
[EndTime "8:26:00 PDT"]
[Termination "Dacean99 won by resignation"]

1. e4 e6 2. d4 d5 3. Nd2 c5 4.
Ngf3 cxd4 5. exd5 Qxd5 6. Bc4 Qd7 7. O-O a6 8. a4 Nc6 9. Nb3 Nf6 10. Nbxd4 Nxd4 11. Nxd4 Bc5 12. Be3 Qc7 13. Qe2 O-O 14. c3 e5 15. Nc2 Bg4 16. f3 Bf5 17. Bxc5 Qxc5+ 18. Ne3 e4 19. b4 Qa7 20. Kh1 exf3 21. Qxf3 Be4 22. Qg3 Bg6 23. Nf5 Rae8 24. h3 Ne4 25.
Qf4 Bxf5 26. Qxf5 Ng3+ 0-1

[Event "Early-Titled-Tuesday-Blitz-October-10-2023"]
[Site "Chess.com"]
[Date "2023.10.10"]
[Round "3"]
[White "campochess"]
[Black "ViktoriyaTarasova"]
[Result "0-1"]
[WhiteElo "2125"]
[BlackElo "2369"]
[TimeControl "180+1"]
[EndTime "8:26:00 PDT"]
[Termination "ViktoriyaTarasova won by resignation"]

1. d4 Nf6 2. Bg5 d5 3. Nd2 e6 4.
e3 c5 5. c3 Nc6 6. Bd3 Bd6 7. f4 h6 8. Bh4 b6 9. Ngf3 Bb7 10.
Ne5 Ne7 11. Bb5+ Kf8 12. Bxf6 gxf6 13. Nd7+ Kg7 14. Qg4+ Ng6 15. f5 h5 16. Qh3 a6 17.
fxg6 axb5 18. gxf7 Qxd7 19. O-O Qxf7 20. Rf3 f5 21. a3 Qg6 22. Raf1 h4 23. Kh1 b4 24.
axb4 cxb4 25. R3f2 bxc3 26. bxc3 Ra2 27. Nf3 Rxf2 28.
Rxf2 Qg4 29. Ng1 Qxh3 30. Nxh3 Ra8 31. Rf1 Ra3 32. Rc1 Kf6 33. Nf4 Ba6 34. Kg1 Bxf4 35. exf4 Ra2 36. Rb1 Bd3 37. Rxb6 Be4 38. g4 fxg4 0-1

[Event "Early-Titled-Tuesday-Blitz-October-10-2023"]
[Site "Chess.com"]
[Date "2023.10.10"]
[Round "3"]
[White "RamonManon0g"]
[Black "Politov_Pavel"]
[Result "1-0"]
[WhiteElo "2324"]
[BlackElo "2037"]
[TimeControl "180+1"]
[EndTime "8:26:07 PDT"]
[Termination "RamonManon0g won on time"]

1. e4 c5 2. Nf3 d6 3. Bb5+ Nd7 4. a4 Nf6 5. Nc3 a6 6. Bc4 e6 7. O-O Be7 8. d4 cxd4 9. Qxd4 O-O 10. Bg5 Qc7 11.
Rad1 h6 12. Bh4 Nb6 13. Bb3 e5 14. Qd3 Ne8 15. Bxe7 Qxe7 16. a5 Nd7 17. Nd5 Qd8 18.
g3 Ndf6 19. Nxf6+ Qxf6 20. Nh4 Be6 21. Bxe6 fxe6 22. Qb3 Rb8 23. f4 exf4 24. Rxf4 Qe7 25. Ng6 Rxf4 26. Nxe7+ Kf8 27. Qxe6 1-0

[Event "Early-Titled-Tuesday-Blitz-October-10-2023"]
[Site "Chess.com"]
[Date "2023.10.10"]
[Round "3"]
[White "brm72"]
[Black "Riku-gan"]
[Result "0-1"]
[WhiteElo "2515"]
[BlackElo "2839"]
[TimeControl "180+1"]
[EndTime "8:26:09 PDT"]
[Termination "Riku-gan won by resignation"]

1. e4 d5 2. exd5 Nf6 3. d4 c6 4. dxc6 Nxc6 5. c3 e5 6. dxe5 Qxd1+ 7. Kxd1 Ng4 8. Ke1 Bc5 9. Nh3 Bf5 10. Be2 Ncxe5 11.
Nd2 O-O-O 12. Nf3 Rhe8 13. Nxe5 Nxe5 14. Be3 Nd3+ 15. Bxd3 Rxd3 16. Nf4 Bxe3 17. Nxd3 Bh6+ 18. Kd1 Bxd3 19. g3 Re2 20. f4 Rxb2 21. Re1 g5 22.
Re3 Bf5 23. Re5 Bg4+ 24. Kc1 Rxh2 25. fxg5 Bg7 26. Rc5+ Kd7 27. a4 b6 28. Rc4 Be6 29.
Rh4 Rg2 30. Ra3 Bf8 31. Ra1 Be7 32. Rxh7 Bxg5+ 0-1

[Event "Early-Titled-Tuesday-Blitz-October-10-2023"]
[Site "Chess.com"]
[Date "2023.10.10"]
[Round "3"]
[White "slorovel"]
[Black "artin10862"]
[Result "0-1"]
[WhiteElo "2510"]
[BlackElo "2817"]
[TimeControl "180+1"]
[EndTime "8:26:09 PDT"]
[Termination "artin10862 won by resignation"]

1. e4 c5 2. Nf3 Nc6 3. Bb5 e6 4. O-O Nge7 5. Re1 a6 6. Bf1 d5 7. exd5 Nxd5 8. d4 cxd4 9. Nxd4 Bd7 10. c4 Nxd4 11. Qxd4 Nf6 12. Nc3 Bc6 13. Qxd8+ Rxd8 14. Bg5 Be7 15. Rad1 O-O 16. a3 h6 17. Be3 Nd7 18.
h3 Bf6 19. Ne2 Bxb2 20. Rd3 Ne5 21. Rb3 Nxc4 22. Bc5 Bf6 23. Bxf8 Nd2 24. Bxg7 Bxg7 25. Rg3 Nxf1 26. Rxf1 Kf8 27. Nc3 Be5 28. Re3 Bd4 29.
Rd3 Bxf2+ 0-1

[Event "Early-Titled-Tuesday-Blitz-October-10-2023"]
[Site "Chess.com"]
[Date "2023.10.10"]
[Round "3"]
[White "farzadbfd"]
[Black "shimastream"]
[Result "0-1"]
[WhiteElo "2701"]
[BlackElo "2982"]
[TimeControl "180+1"]
[EndTime "8:26:21 PDT"]
[Termination "shimastream won on time"]

1. d4 d6 2. e4 c6 3. Nf3 Qc7 4. a4 e5 5. Nc3 Bg4 6. Be2 Nf6 7. O-O Be7 8. h3 Bh5 9. Re1 O-O 10. dxe5 dxe5 11.
Nh4 Bg6 12. Nxg6 hxg6 13. Bc4 Nbd7 14. a5 a6 15. Qf3 Bb4 16. Qg3 Kh8 17. Rd1 Bxa5 18.
Qh4+ Kg8 19. Rd3 b5 20. Bb3 Nc5 21. Bg5 Nh7 22. Be7 Nxd3 23. Bxf8 Nxb2 24. Bd6 Qxd6 25.
Rxa5 Qb4 26. Qg3 Qxa5 27. Qxg6 Qc7 0-1

[Event "Early-Titled-Tuesday-Blitz-October-10-2023"]
[Site "Chess.com"]
[Date "2023.10.10"]
[Round "3"]
[White "Shiirav"]
[Black "K_A_S_T_O_R"]
[Result "0-1"]
[WhiteElo "2657"]
[BlackElo "2888"]
[TimeControl "180+1"]
[EndTime "8:26:23 PDT"]
[Termination "K_A_S_T_O_R won by resignation"]

1. d4 Nf6 2. c4 g6 3. Nc3 Bg7 4. e4 d6 5. Nf3 O-O 6. Be2 e5 7.
O-O Nc6 8. d5 Ne7 9. Nd2 Nd7 10.
b4 f5 11. c5 a5 12. cxd6 cxd6 13. bxa5 Qxa5 14. Nb5 Rf6 15. a4 Qd8 16. Nc4 Nb6 17. Bg5 Nxc4 18. Bxf6 Bxf6 19. Bxc4 fxe4 20. Qc2 Bf5 21.
Qe2 h5 22. Bb3 Bg5 23. Nc3 Qb6 24. Rab1 e3 25. fxe3 Qxe3+ 26. Qxe3 Bxe3+ 27. Kh1 Bxb1 28. Rxb1 Nf5 29. Ne4 Rc8 30. g3 Kf8 31. Kg2 Ke7 32.
h3 Bd4 33. g4 hxg4 34. hxg4 Ne3+ 35. Kf3 Rf8+ 36. Ke2 Nxg4 37. Bc4 b6 38. Rh1 Nf6 39. Ng5 Nh5 40. Rf1 Ng3+ 0-1

[Event "Early-Titled-Tuesday-Blitz-October-10-2023"]
[Site "Chess.com"]
[Date "2023.10.10"]
[Round "3"]
[White "Gerasimenyuk_Miha"]
[Black "TERMINATOR_PC"]
[Result "0-1"]
[WhiteElo "2435"]
[BlackElo "2616"]
[TimeControl "180+1"]
[EndTime "8:26:24 PDT"]
[Termination "TERMINATOR_PC won by resignation"]

1. d4 Nf6 2. Nf3 e6 3. Bg5 b6 4.
e3 Bb7 5. Nbd2 h6 6. Bf4 Nh5 7.
Be5 d6 8. Bg3 Nd7 9. c3 g5 10.
Bd3 Bg7 11. Qc2 Qe7 12. O-O-O O-O-O 13. Rhe1 f5 14. c4 Kb8 15. Nb3 Bxf3 16. gxf3 f4 17. c5 fxg3 18. c6 gxf2 19. Qxf2 Ndf6 20. Qe2 Qe8 21.
Bb5 a6 22. Ba4 Ka7 23. Kb1 Rb8 24. Bb5 axb5 25. Qxb5 Ra8 26. Rd3 Kb8 27. e4 Nf4 28. Rc3 Qc8 29. e5 dxe5 30. Nc5 Ra5 31. Qb4 N4d5 32.
Qb3 Nxc3+ 33. bxc3 exd4 34. Rxe6 Rxc5 0-1

[Event "Early-Titled-Tuesday-Blitz-October-10-2023"]
[Site "Chess.com"]
[Date "2023.10.10"]
[Round "3"]
[White "MightyGMpretender"]
[Black "toog"]
[Result "1-0"]
[WhiteElo "2760"]
[BlackElo "2537"]
[TimeControl "180+1"]
[EndTime "8:26:25 PDT"]
[Termination "MightyGMpretender won by resignation"]

1. c4 e6 2. g3 d5 3. Bg2 c6 4. Nf3 dxc4 5. O-O Nf6 6. a4 b5 7.
axb5 cxb5 8. Nd4 Qxd4 9. Bxa8 Bc5 10. Nc3 a6 11. d3 cxd3 12. Be3 Qd6 13. Bxc5 Qxc5 14.
Qxd3 O-O 15. Bg2 Nc6 16. Rfc1 Ne5 17. Qc2 Rd8 18. Ne4 Qxc2 19. Nxf6+ gxf6 20. Rxc2 Kf8 21. h3 Ke7 22. f4 Nc4 23. Kf2 f5 24. b3 Nd6 25.
Rc7+ Rd7 26. Rxd7+ Kxd7 27. Ke3 Ne8 28. Kd4 Kd6 29. Rc1 Nc7 30. Rc6+ Kd7 31. Kc5 Ne8 32. Kb6 Nf6 33. Rc7+ Kd8 34. Rxf7 Nh5 35. Rf8+ Kd7 36. Bc6+ 1-0

[Event "Early-Titled-Tuesday-Blitz-October-10-2023"]
[Site "Chess.com"]
[Date "2023.10.10"]
[Round "3"]
[White "fu24"]
[Black "Vladimir_Zakhartsov"]
[Result "0-1"]
[WhiteElo "2618"]
[BlackElo "2840"]
[TimeControl "180+1"]
[EndTime "8:26:27 PDT"]
[Termination "Vladimir_Zakhartsov won by resignation"]

1. e4 c5 2. Nc3 Nc6 3. f4 g6 4.
Nf3 Bg7 5. d3 e6 6. g4 d5 7. Bg2 Bxc3+ 8. bxc3 dxe4 9. dxe4 Qxd1+ 10. Kxd1 Nf6 11. e5 Nxg4 12. Ke2 Bd7 13. Ng5 Ke7 14.
h3 Nh6 15. Be3 b6 16. Ne4 Nf5 17. Bf2 Rhd8 18. Rhd1 Na5 19. Bf3 Bb5+ 20. Ke1 Rxd1+ 21.
Rxd1 Bc6 22. Ke2 h6 23. Nd6 Bxf3+ 24. Kxf3 Nxd6 25. Bh4+ g5 26. exd6+ Kf6 27. fxg5+ hxg5 28. Bg3 e5 29. Ke4 Ke6 30. Bxe5 f5+ 0-1

[Event "Early-Titled-Tuesday-Blitz-October-10-2023"]
[Site "Chess.com"]
[Date "2023.10.10"]
[Round "3"]
[White "FairChess_on_YouTube"]
[Black "Eagle_2019"]
[Result "1-0"]
[WhiteElo "3052"]
[BlackElo "2720"]
[TimeControl "180+1"]
[EndTime "8:26:28 PDT"]
[Termination "FairChess_on_YouTube won on time"]

1. Nf3 d5 2. g3 c6 3. Bg2 Bg4 4. c4 e6 5. O-O Nd7 6. cxd5 exd5 7. Qb3 Qb6 8. Qc2 Ngf6 9. d3 Bc5 10. Nc3 Qd8 11.
a3 O-O 12. b4 Bb6 13. Bb2 Re8 14. Na4 Qe7 15. Nxb6 axb6 16. Rfe1 b5 17. Nd4 Nb6 18. Rac1 Na4 19. Ba1 Nb6 20. Bb2 Na4 21. Ba1 Nb6 22. Qc3 Qd7 23. f3 Bh3 24. g4 Bxg2 25. Kxg2 Na4 26. Qd2 Qd8 27. Nf5 g6 28. Qh6 gxf5 29.
Bxf6 1-0

[Event "Early-Titled-Tuesday-Blitz-October-10-2023"]
[Site "Chess.com"]
[Date "2023.10.10"]
[Round "3"]
[White "microbear"]
[Black "kreonx"]
[Result "0-1"]
[WhiteElo "2237"]
[BlackElo "2450"]
[TimeControl "180+1"]
[EndTime "8:26:29 PDT"]
[Termination "kreonx won by resignation"]

1. e4 c6 2. d4 d5 3. f3 e6 4.
g3 b6 5. Ne2 Ba6 6. c3 Nf6 7.
Bg2 c5 8. e5 Nfd7 9. O-O Nc6 10. Be3 Be7 11. Nd2 cxd4 12. cxd4 O-O 13. a3 Na5 14. b4 Nc4 15. Nxc4 Bxc4 16. Rf2 a5 17. Rb1 axb4 18. axb4 b5 19. f4 g6 20. Nc1 Nb6 21. Nb3 Bxb3 22. Rxb3 Nc4 23. Bf1 Qd7 24. Bxc4 dxc4 25.
Rb1 Ra4 26. Qe1 Rfa8 27. Kg2 Qd5+ 28. Kh3 h5 29. Rfb2 Kg7 30. Bg1 h4 31. Qe3 Ra3 32. Qf2 hxg3 33. hxg3 Rh8+ 34. Kg4 Qe4 0-1

[Event "Early-Titled-Tuesday-Blitz-October-10-2023"]
[Site "Chess.com"]
[Date "2023.10.10"]
[Round "3"]
[White "Beca95"]
[Black "Iskusnyh"]
[Result "1-0"]
[WhiteElo "2897"]
[BlackElo "2589"]
[TimeControl "180+1"]
[EndTime "8:26:31 PDT"]
[Termination "Beca95 won on time"]

1. e4 e6 2. c3 d5 3. e5 c5 4.
f4 Nc6 5. Nf3 Nh6 6. Bd3 c4 7.
Bc2 d4 8. Be4 Bc5 9. Qa4 O-O 10.
Qxc4 Bb6 11. Qe2 Nf5 12. c4 d3 13. Qxd3 Ncd4 14. Nc3 Nxf3+ 15. Qxf3 Nd4 16. Qh3 g6 17. b3 f5 18. Bd3 g5 19. Bb2 gxf4 20.
O-O-O Bd7 21. Ne2 Nxe2+ 22. Bxe2 a5 23. Rhf1 a4 24. Rxf4 axb3 25. axb3 Bc5 26. g4 Ba3 27. gxf5 Qa5 28. Rg1+ Kf7 29. fxe6+ Ke8 30. exd7+ 1-0

[Event "Early-Titled-Tuesday-Blitz-October-10-2023"]
[Site "Chess.com"]
[Date "2023.10.10"]
[Round "3"]
[White "kidagent"]
[Black "ElDivis"]
[Result "0-1"]
[WhiteElo "2254"]
[BlackElo "2482"]
[TimeControl "180+1"]
[EndTime "8:26:31 PDT"]
[Termination "ElDivis won by resignation"]

1. c4 g6 2. g3 Bg7 3. Bg2 Nf6 4. Nc3 O-O 5. d4 c5 6. d5 e6 7. e4 exd5 8. cxd5 b5 9. Be3 b4 10. Nce2 Re8 11. Qc2 d6 12. O-O-O Qa5 13. Kb1 Nxe4 14. Bxe4 Rxe4 15. Qxe4 Bf5 16. f3 Bxe4+ 17. fxe4 Nd7 18. Nc1 Re8 19. Bf4 Nb6 20. Nf3 Nc4 21. Nd3 Rxe4 22.
Rhe1 Rxe1 23. Rxe1 Qd8 24. Bg5 Bf6 25. Bh6 Bg7 26. Bg5 f6 27. Bc1 Ne5 28. Nfxe5 fxe5 29. Nf2 Qa8 30. Ne4 Qxd5 0-1

[Event "Early-Titled-Tuesday-Blitz-October-10-2023"]
[Site "Chess.com"]
[Date "2023.10.10"]
[Round "3"]
[White "ErikRonka"]
[Black "OparinGrigoriy"]
[Result "0-1"]
[WhiteElo "2522"]
[BlackElo "2994"]
[TimeControl "180+1"]
[EndTime "8:26:33 PDT"]
[Termination "OparinGrigoriy won by resignation"]

1. e4 c5 2. Nf3 Nc6 3. d4 cxd4 4. Nxd4 e5 5. Nb5 d6 6. N1c3 a6 7. Na3 Rb8 8. Nc4 Be6 9. Nd5 Bxd5 10. exd5 Nce7 11.
a4 Nf6 12. Ne3 g6 13. a5 Bh6 14. c4 b6 15. axb6 Qxb6 16. Qa4+ Kf8 17. Ra2 Ne4 18. Be2 Nf5 19. Ra3 Nxe3 20. fxe3 Nc5 21. Qc6 Qb4+ 22.
Kf2 Rb6 23. Qc7 Kg7 24. Rf1 Rb7 25. Qxd6 Ne4+ 0-1

[Event "Early-Titled-Tuesday-Blitz-October-10-2023"]
[Site "Chess.com"]
[Date "2023.10.10"]
[Round "3"]
[White "F-Ghaith2021"]
[Black "AvitalBor"]
[Result "0-1"]
[WhiteElo "2506"]
[BlackElo "2812"]
[TimeControl "180+1"]
[EndTime "8:26:33 PDT"]
[Termination "AvitalBor won by resignation"]

1. e4 c5 2. Nf3 Nc6 3. d4 cxd4 4. Nxd4 e6 5. Nc3 Nf6 6. Be2 Bb4 7. O-O Bxc3 8. bxc3 Nxe4 9. Ba3 Nxc3 10. Qd2 Nxd4 11.
Bd3 Ncb5 12. Bb2 Qb6 13. Rab1 O-O 14. a4 e5 15. axb5 d6 16. Kh1 Be6 17. f4 f6 18. Qe1 Rac8 19. Qh4 h6 20. Rbe1 Nxc2 21. Re2 Ne3 22. Rf3 Nf5 23. Qh5 Nd4 24. Rg3 Qc7 25.
Qg6 Qc1+ 26. Bxc1 Rxc1+ 0-1

[Event "Early-Titled-Tuesday-Blitz-October-10-2023"]
[Site "Chess.com"]
[Date "2023.10.10"]
[Round "3"]
[White "stasOR4ik"]
[Black "BocharovD"]
[Result "0-1"]
[WhiteElo "2446"]
[BlackElo "2758"]
[TimeControl "180+1"]
[EndTime "8:26:34 PDT"]
[Termination "BocharovD won by resignation"]

1. c4 e6 2. e4 d5 3. exd5 exd5 4. cxd5 Nf6 5. Nc3 Nxd5 6. Bc4 Nb6 7. Bb3 Be7 8. Nf3 O-O 9. O-O Bg4 10. h3 Bh5 11. g4 Bg6 12. d4 Nc6 13. Ne2 Be4 14. Ng3 Bd5 15. Be3 Re8 16. Bc2 Bf8 17. a3 Nc4 18.
Qd3 g6 19. Bg5 Qd6 20. b3 Nxa3 21. Rxa3 Qxa3 22. Nh5 Re6 23. Nf6+ Rxf6 24. Bxf6 Nb4 25. Qc3 Nxc2 26. Qxc2 Bxf3 27. Qxc7 Qd6 28. Qc4 0-1

[Event "Early-Titled-Tuesday-Blitz-October-10-2023"]
[Site "Chess.com"]
[Date "2023.10.10"]
[Round "3"]
[White "CFN_Good_Evening"]
[Black "chesselephant"]
[Result "0-1"]
[WhiteElo "1627"]
[BlackElo "2525"]
[TimeControl "180+1"]
[EndTime "8:26:34 PDT"]
[Termination "chesselephant won by checkmate"]

1. d3 e5 2. Nc3 Nc6 3. e4 Bc5 4. g3 Nge7 5. Bg2 O-O 6. Nge2 d6 7. a3 f5 8. exf5 Bxf5 9. O-O Qd7 10. b4 Bb6 11. Be3 Bh3 12. Qd2 Bxg2 13. Kxg2 Nf5 14. Bxb6 axb6 15. Nd5 Qf7 16. c4 Nfd4 17. Nxd4 Nxd4 18.
f4 Nb3 19. Qc3 Nxa1 20. Qxa1 exf4 21. Rxf4 Qd7 22. Rh4 Rae8 23. Qd1 Re5 24. Rg4 Ref5 25. Nf4 Qc6+ 26. Kh3 Qd7 27. Qf3 h5 28. Kg2 hxg4 29. Qxg4 Qf7 30. Ng6 Rf2+ 31. Kg1 Rg2+ 32. Kxg2 Qf1# 0-1

[Event "Early-Titled-Tuesday-Blitz-October-10-2023"]
[Site "Chess.com"]
[Date "2023.10.10"]
[Round "3"]
[White "AleksandrAleksikov"]
[Black "abc_xyz4744"]
[Result "1-0"]
[WhiteElo "2219"]
[BlackElo "2384"]
[TimeControl "180+1"]
[EndTime "8:26:34 PDT"]
[Termination "AleksandrAleksikov won by resignation"]

1. e4 c5 2. Nf3 g6 3. c3 Bg7 4. d3 e6 5. Be3 d6 6. Nbd2 Ne7 7. d4 b6 8. Bb5+ Bd7 9. Bd3 Bc6 10. O-O O-O 11.
Re1 Nd7 12. Qe2 d5 13. dxc5 Nxc5 14. exd5 Nxd5 15. Bxc5 bxc5 16. g3 Rb8 17. Nc4 Qf6 18. Nfe5 Ba8 19. Nd7 Qg5 20. Nxf8 Kxf8 21. Be4 Nf4 22.
Qe3 Bxe4 23. Qxe4 Nh3+ 24. Kg2 Rxb2 25. Nxb2 1-0

[Event "Early-Titled-Tuesday-Blitz-October-10-2023"]
[Site "Chess.com"]
[Date "2023.10.10"]
[Round "3"]
[White "MikeSailer"]
[Black "aaaao"]
[Result "0-1"]
[WhiteElo "2142"]
[BlackElo "2745"]
[TimeControl "180+1"]
[EndTime "8:26:35 PDT"]
[Termination "aaaao won on time"]

1. d4 f5 2. Bg5 d6 3. Nc3 h6 4. Bc1 Nf6 5. g3 Nbd7 6. Bg2 e5 7.
dxe5 dxe5 8. Nf3 Bd6 9. O-O O-O 10. b3 e4 11. Nd4 Ne5 12. Bb2 a6 13. e3 Qe7 14. a3 Bd7 15. b4 Rad8 16. Qe2 Qf7 17. h3 Nc4 18. Rab1 c5 19. bxc5 Bxc5 20. Nb3 Ba7 21.
Rfd1 Be6 22. Nd4 Nxb2 23. Nxe6 Nxd1 0-1

[Event "Early-Titled-Tuesday-Blitz-October-10-2023"]
[Site "Chess.com"]
[Date "2023.10.10"]
[Round "3"]
[White "DanielTitichoca"]
[Black "Zheenbekov86"]
[Result "1-0"]
[WhiteElo "2629"]
[BlackElo "2450"]
[TimeControl "180+1"]
[EndTime "8:26:37 PDT"]
[Termination "DanielTitichoca won by resignation"]

1. e4 e5 2. Nf3 Nc6 3. Bb5 a6 4. Ba4 Nf6 5. O-O Be7 6. Nc3 b5 7. Bb3 O-O 8. d3 d6 9. a4 b4 10. Nd5 Na5 11. Ba2 c5 12. Nxf6+ Bxf6 13. Nd2 Be6 14.
Nc4 Rb8 15. Be3 b3 16. cxb3 Nc6 17. b4 Nxb4 18. Bb3 g6 19. a5 Bg7 20. Nb6 Qe8 21. Bc4 Qe7 22. Qb3 Rfe8 23. Qa4 f5 24.
f3 f4 25. Bd2 g5 26. Bxb4 cxb4 27. Qxb4 h5 28. Qb3 Qf7 29. Rac1 Kh7 30. Bxe6 Rxe6 31. Rc6 Qf6 32. Qd5 g4 33. Nd7 1-0

[Event "Early-Titled-Tuesday-Blitz-October-10-2023"]
[Site "Chess.com"]
[Date "2023.10.10"]
[Round "3"]
[White "lrestevez"]
[Black "Kopytkin"]
[Result "1-0"]
[WhiteElo "2198"]
[BlackElo "2382"]
[TimeControl "180+1"]
[EndTime "8:26:37 PDT"]
[Termination "lrestevez won by resignation"]

1. e4 Nf6 2. e5 Nd5 3. Nc3 Nxc3 4. dxc3 d5 5. Bd3 c5 6. Nf3 Nc6 7. O-O Bg4 8. h3 Bxf3 9. Qxf3 Nxe5 10. Bb5+ Nc6 11. Bf4 a6 12. Bd3 g6 13. Rfe1 Bg7 14.
Rad1 O-O 15. Bf1 e5 16. Rxd5 Qc7 17. Bh2 b6 18. Red1 Rad8 19. Bxa6 Rxd5 20. Rxd5 Rd8 21.
Bc4 Rxd5 22. Bxd5 Nd8 23. c4 Nc6 24. Bxc6 Kh8 25. Bd5 f5 26. Qa3 Qd8 27. Qa8 Qxa8 28. Bxa8 Kg8 29. Kf1 Kf7 30. Ke2 f4 31. f3 g5 32. Bg1 Ke6 33. Bf2 h5 34. a4 Bf8 35.
Be4 Kd7 36. Be1 Bd6 37. a5 bxa5 38. Bxa5 Kc8 39. Bg6 h4 40. c3 Kd7 41. b4 Kc8 42. Be4 Be7 43. bxc5 Bxc5 44. Bb4 Bb6 45. Be7 Bd8 46.
Bxd8 1-0

[Event "Early-Titled-Tuesday-Blitz-October-10-2023"]
[Site "Chess.com"]
[Date "2023.10.10"]
[Round "3"]
[White "LeoLV10"]
[Black "Semen_Khanin"]
[Result "0-1"]
[WhiteElo "2577"]
[BlackElo "2858"]
[TimeControl "180+1"]
[EndTime "8:26:40 PDT"]
[Termination "Semen_Khanin won by checkmate"]

1. e4 c5 2. Nf3 d6 3. d4 cxd4 4. Nxd4 Nf6 5. Nc3 a6 6. Bg5 Nbd7 7. Bc4 e6 8. Qe2 Qc7 9. Bb3 Nc5 10. O-O-O Be7 11.
f4 h6 12. Bh4 g5 13. fxg5 Nfd7 14. Kb1 Ne5 15. Bg3 hxg5 16. Nf3 Bd7 17. Qe3 Rg8 18.
Nxe5 dxe5 19. Bc4 b5 20. Be2 b4 21. Nd5 exd5 22. exd5 Bd6 23. Bh5 O-O-O 24. Bxf7 Rgf8 25. Bh5 Bf5 26. Be2 Kb8 27. Rc1 Ne4 28.
Bxa6 Bc5 29. Qe2 Rxd5 30. Bc4 Rd2 31. Qh5 Bd4 32. Bb3 Rxg2 33. Qh6 Nd2+ 34. Ka1 Bxb2+ 35.
Kxb2 Qc3# 0-1

[Event "Early-Titled-Tuesday-Blitz-October-10-2023"]
[Site "Chess.com"]
[Date "2023.10.10"]
[Round "3"]
[White "Sunny_Star"]
[Black "Irishchessman16"]
[Result "0-1"]
[WhiteElo "2085"]
[BlackElo "2457"]
[TimeControl "180+1"]
[EndTime "8:26:40 PDT"]
[Termination "Irishchessman16 won on time"]

1. f4 d5 2. Nf3 c6 3. g3 Bg4 4.
Bg2 Bxf3 5. Bxf3 Qb6 6. d4 e6 7. O-O c5 8. e3 Nc6 9. c3 Nh6 10. Nd2 Nf5 11. Qe2 cxd4 12. cxd4 Nfxd4 13. exd4 Nxd4 14. Qf2 Nxf3+ 15. Kg2 Qxf2+ 16. Rxf2 Nd4 17. Nf3 Nxf3 18. Rxf3 Rc8 19. Be3 b6 20. Bd4 f6 21.
Re3 Kf7 22. Rae1 Rc6 23. a3 Bc5 24. Bxc5 bxc5 25. f5 e5 26. Rb3 Rc7 27. Rd1 Rd8 28. Rbd3 d4 0-1

[Event "Early-Titled-Tuesday-Blitz-October-10-2023"]
[Site "Chess.com"]
[Date "2023.10.10"]
[Round "3"]
[White "TatjanaVasilevich"]
[Black "Grandmaster1369"]
[Result "1-0"]
[WhiteElo "2588"]
[BlackElo "2797"]
[TimeControl "180+1"]
[EndTime "8:26:44 PDT"]
[Termination "TatjanaVasilevich won by resignation"]

1. Nf3 c5 2. b3 Nf6 3. Bb2 e6 4. g3 Be7 5. Bg2 O-O 6. O-O Nc6 7.
d4 d5 8. Nbd2 b6 9. c4 Bb7 10.
cxd5 Nxd5 11. dxc5 Bxc5 12. a3 Rc8 13. b4 Be7 14.
Qb3 Bf6 15. e4 Nc7 16. e5 Be7 17. Rad1 Nd5 18. Ne4 Qc7 19. Rc1 Qb8 20. Rfd1 Rfd8 21. h4 h6 22. Ba1 a5 23. b5 Na7 24. a4 Rxc1 25. Rxc1 Rc8 26. Rxc8+ Nxc8 27. Bd4 Qc7 28. Nfd2 Qc1+ 29. Kh2 Bb4 30. Nc4 Nf4 31. Be3 Nxg2 32.
Bxc1 Bxe4 33. f3 Bd5 34. Kxg2 Ne7 35. Qd3 Bc5 36. Nd6 h5 37. Be3 1-0

[Event "Early-Titled-Tuesday-Blitz-October-10-2023"]
[Site "Chess.com"]
[Date "2023.10.10"]
[Round "3"]
[White "Juicy_Fork"]
[Black "YouJustFoundYourGodfather"]
[Result "1-0"]
[WhiteElo "2474"]
[BlackElo "2616"]
[TimeControl "180+1"]
[EndTime "8:26:49 PDT"]
[Termination "Juicy_Fork won by checkmate"]

1. e4 c5 2. Nf3 g6 3. d4 Bg7 4. Nc3 cxd4 5. Nxd4 Nc6 6. Be3 Nf6 7. Bc4 O-O 8. Bb3 a5 9. O-O d6 10. h3 Bd7 11. Re1 a4 12. Nxa4 Nxd4 13. Qxd4 Bc6 14. Qb4 Ra6 15. Rad1 Nxe4 16. Bb6 Qd7 17. Rxe4 Bxe4 18.
Qxe4 Qb5 19. Be3 Rfa8 20. Nc3 Qd7 21. Nd5 e6 22. Nb6 Rxb6 23. Bxb6 d5 24. Qd3 Bxb2 25. Bd4 Bxd4 26. Qxd4 Qc6 27. c4 dxc4 28. Qxc4 Qb6 29.
Rd7 Kg7 30. Qd4+ Qxd4 31. Rxd4 Ra5 32. Rd7 Rb5 33. Bxe6 Rb1+ 34. Kh2 Kf6 35. Bxf7 Rb2 36.
Kg3 b5 37. Bg8 h5 38. Rf7+ Kg5 39. h4+ Kh6 40. Rh7# 1-0